 Dungeon Crawl Stone Soup version 0.30-a0-170-g85af917532 (webtiles) character file.

Game seed: 6845146423876172803

3 LnG the Caller (level 1, 0/10 HPs)
             Began as a Kobold Summoner on Sept 30, 2022.
             Succumbed to an adder's poison
             ... on level 2 of the Dungeon.
             The game lasted 00:01:11 (454 turns).

LnG the Caller (Kobold Summoner)                     Turns: 454, Time: 00:01:12

Health: 0/10       AC:  2    Str:  5    XL:     1   Next: 55%
Magic:  1/3        EV: 15    Int: 16    God:
Gold:   27         SH:  0    Dex: 15    Spells: 3/4 levels left

rFire   . . .      SeeInvis .    (weapon restricted)
rCold   . . .      Faith    .    (no shield)
rNeg    . . .      Spirit   .    a - +0 robe
rPois   .          Reflect  .    (no helmet)
rElec   .          Harm     .    (no cloak)
rCorr   .          Rampage  .    (no gloves)
Will    .....                    (no boots)
Stlth   +++.......               (no amulet)
HPRegen 0.03/turn                (no ring)
MPRegen 0.08/turn                (no ring)

@: lethally poisoned (0 -> -5)
A: small, no large weapons, nightstalker 3
a: no special abilities


You were on level 2 of the Dungeon.
You visited 1 branch of the dungeon, and saw 2 of its levels.

You collected 27 gold pieces.

Inventory:

Armour
 a - a +0 robe (worn)
Scrolls
 c - a scroll of teleportation {unknown}
Potions
 b - a potion of magic


   Skills:
 + Level 2.6 Dodging
 + Level 2.6 Stealth
 + Level 2.1 Spellcasting
 + Level 4.1 Summonings


You had 3 spell levels left.
You knew the following spells:

 Your Spells              Type           Power      Damage    Failure   Level
a - Summon Small Mammal   Summ           56%        N/A       3%          1

Your spell library contained the following spells:

 Spells                   Type           Power      Damage    Failure   Level
 Call Imp                 Summ           14%        N/A       6%          2
 Call Canine Familiar     Summ           14%        N/A       12%         3
 Summon Guardian Golem    Hex/Summ       8%         N/A       26%         3
 Summon Lightning Spire   Summ/Air       8%         N/A       65%         4


Dungeon Overview and Level Annotations

Branches:
Dungeon (2/15)

Altars:


Innate Abilities, Weirdness & Mutations

You are small and have problems with some larger weapons.
You are completely attuned to the shadows.


Message History

Your bat hits the adder but does no damage.
The adder bites your quokka.
Your quokka completely misses the adder.
Your bat closely misses the adder.
Unknown command.
Your quokka dies!
Your quokka's corpse disappears in a puff of smoke!
Your bat completely misses the adder.
Your bat barely misses the adder.
The adder bites you.
You miss the adder.
Your bat barely misses the adder.
The adder misses you.
Your bat hits the adder but does no damage.
You closely miss the adder. The adder bites you.
Your bat misses the adder. You hit the adder but do no damage.
Your bat completely misses the adder.
The adder misses you.
Your bat barely misses the adder.
The adder misses you.
Your bat misses the adder. You hit the adder.
The adder is lightly wounded.
Your bat hits the adder but does no damage.
Your bat closely misses the adder.
The adder closely misses you.
Your bat hits the adder. You closely miss the adder.
The adder is lightly wounded.
Your bat completely misses the adder.
Your bat hits the adder but does no damage.
The adder closely misses you.
Your bat barely misses the adder.
You miss the adder.
The adder is lightly wounded.
Your bat barely misses the adder.
The adder barely misses you. The adder bites you.
You are lethally poisoned!
The adder poisons you!
You hit the adder but do no damage.
The adder is lightly wounded.
* * * LOW HITPOINT WARNING * * *
You feel sick.
Your bat closely misses the adder. x2; The adder bites you.
* * * LOW HITPOINT WARNING * * *
Your bat misses the adder. You hit the adder.
The adder is moderately wounded.
You die...

...... ##......
........
#######.......#
#...bS@........#
##.####........#
#. #........## #S
#.##......# #.
#.##......# ...
#.##......# ##...
#.##......# #....
#.##......###....
#.#<.............


You could see an adder (ally target) and a friendly bat (summoned).

Vanquished Creatures
  A jackal (D:1)
  A frilled lizard (D:1)
2 creatures vanquished.

Vanquished Creatures (collateral kills)
  A jackal (D:2)
1 creature vanquished.

Grand Total: 3 creatures vanquished

Notes
Turn   | Place    | Note
-------+----------+-------------------------------------------
     0 | D:1      | LnG the Kobold Summoner began the quest for the Orb.
     0 | D:1      | Reached XP level 1. HP: 10/10 MP: 3/3
   454 | D:2      | Succumbed to an adder's poison

Illustrated notes

Levels and vault maps discovered:
D:1:      roderic_octagonal_star, layout_loops_ring, minmay_unequal
D:2:      layout_basic, hellmonk_ecumenical_altar_heavens_door

Action                   || total
-------------------------++-------
Melee: Unarmed           ||    24
 Cast: Summon Small Mamm ||     8
 Stab: Sleeping          ||     1
Armor: Robe              ||     3
Dodge: Dodged            ||    32

Table legend: (Time is in decaauts)
 A = Elapsed time spent in this place.
 B = Non-inter-level travel time spent in this place.
 C = Inter-level travel time spent in this place.
 D = Time resting spent in this place.
 E = Time spent auto-exploring this place.
 F = Levels seen in this place.
 G = Mean time per level.
                   A        B        C        D        E       F      G
               +--------+--------+--------+--------+--------+-----+--------+
         Total |    453 |    453 |      0 |    162 |    148 |   2 |  226.5 |
       Dungeon |    453 |    453 |      0 |    162 |    148 |   2 |  226.5 |
               +--------+--------+--------+--------+--------+-----+--------+

Top non-repeatable levels by time:
     D:2: 261 daAuts
     D:1: 192 daAuts
